 Dungeon Crawl Stone Soup version 0.31-a0-986-g5e6e4ef867 (webtiles) character file.

Game seed: 10145522723264432300

13364 IdlyInterested the Fighter (level 11, -6/144 HPs)
             Began as a Demonspawn Gladiator on Nov 17, 2023.
             Mangled by a vampire mosquito (8 damage)
             ... on level 11 of the Dungeon.
             The game lasted 00:37:57 (10528 turns).

IdlyInterested the Fighter (Demonspawn Gladiator)  Turns: 10528, Time: 00:37:58

Health: -6/144     AC: 24    Str: 26    XL:     11   Next: 74%
Magic:  11/11      EV: 10    Int: 12    God:
Gold:   359        SH:  0    Dex: 20    Spells: 10/10 levels left

rFire   + . .        Q - +3 battleaxe
rCold   + . .        (shield currently unavailable)
rNeg    . . .        T - +8 chain mail "Ziun" {Int+3}
rPois   .            V - +0 helmet
rElec   .            b - scarf {rC+ rF+}
rCorr   .            E - +0 pair of gloves
SInv    .            (boots unavailable)
Will    .....        (no amulet) Stlth
                     s - +6 ring of dexterity
HPRegen 0.44/turn    N - +6 ring of strength
MPRegen 0.12/turn

%: no passive effects
@: berserking, very quick
A: hooves 3, icy blue scales 2, icemail 1, condensation shield, teleportitis 1
a: no special abilities


You were on level 11 of the Dungeon.
You visited 2 branches of the dungeon, and saw 12 of its levels.

You collected 586 gold pieces.
You spent 227 gold pieces at shops.

Inventory:

Hand Weapons
 x - a +2 heavy hand axe
 G - a +1 vampiric war axe
 Q - a +3 battleaxe (weapon)
 R - a +5 trident
 S - a +1 trident of freezing
Missiles
 d - 5 throwing nets
 g - 81 stones
 i - 4 silver javelins
 q - 5 atropa-tipped darts
 w - a javelin
 z - 31 poisoned darts (quivered)
 O - 9 boomerangs
 U - a curare-tipped dart
Armour
 b - a scarf of resistance (worn)
 E - a +0 pair of gloves (worn)
 I - a +0 plate armour of cold resistance
 K - a +2 leather armour of fire resistance
 T - the +8 chain mail "Ziun" (worn) {Int+3}
   (You found it on level 8 of the Dungeon)

   Int+3:     It affects your intelligence (+3).
 V - a +0 helmet (worn)
Magical Staves
 P - a staff of cold
Jewellery
 s - a +6 ring of dexterity (left hand)
 N - a +6 ring of strength (right hand)
Scrolls
 a - a scroll of identify
 e - a scroll of fear
 f - 2 scrolls of teleportation
 k - 5 scrolls of enchant weapon
 m - 3 scrolls of amnesia
 p - 3 scrolls of brand weapon
 r - 2 scrolls of silence
 u - 2 scrolls of poison
 v - 4 scrolls of fog
 y - a scroll of noise
 A - 2 scrolls of blinking
 C - 4 scrolls of vulnerability
Potions
 h - a potion of invisibility
 j - 4 potions of curing
 l - a potion of mutation
 n - a potion of haste
 o - a potion of enlightenment {unknown}
 B - a potion of attraction
 D - a potion of cancellation {unknown}
 F - 3 potions of heal wounds
 H - a potion of brilliance
 J - a potion of magic {unknown}
 L - a potion of might {unknown}
 M - a potion of resistance {unknown}


   Skills:
 + Level 12.4 Fighting
 * Level 10.5 Axes
 - Level 3.0 Throwing
 + Level 7.0 Armour
 - Level 3.0 Dodging
 - Level 3.0 Shields
 - Level 3.0 Evocations


You had 10 spell levels left.
You didn't know any spells.
Your spell library contained the following spells:

 Spells                   Type           Power      Damage    Failure   Level
 Necrotise                Necr           0%         1d4       82%         1
 Sandblast                Erth           0%         2d4       82%         1
 Summon Small Mammal      Summ           0%         N/A       82%         1
 Passwall                 Tmut/Erth      0%         N/A       91%         2
 Sublimation of Blood     Necr           0%         N/A       91%         2
 Call Canine Familiar     Summ           0%         N/A       99%         3
 Hailstorm                Conj/Ice       0%         3d3       99%         3
 Sigil of Binding         Hex            0%         N/A       99%         3
 Stone Arrow              Conj/Erth      0%         3d7       99%         3
 Summon Guardian Golem    Hex/Summ       0%         N/A       99%         3
 Tukima's Dance           Hex            0%         N/A       99%         3
 Vampiric Draining        Necr           0%         2d6       99%         3
 Volatile Blastmotes      Fire/Tloc      0%         2d10      99%         3
 Brom's Barrelling Bould  Conj/Erth      0%         2d3       100%        4
 Cause Fear               Hex            0%         N/A       100%        4
 Dimensional Bullseye     Hex/Tloc       0%         N/A       100%        4
 Fulminant Prism          Conj/Hex       0%         3d5       100%        4
 Iskenderun's Mystic Bla  Conj/Tloc      0%         2d3       100%        4
 Leda's Liquefaction      Hex/Erth       0%         N/A       100%        4
 Passage of Golubria      Tloc           0%         N/A       100%        4
 Petrify                  Tmut/Erth      0%         N/A       100%        4
 Summon Ice Beast         Ice/Summ       0%         N/A       100%        4
 Agony                    Necr           0%         N/A       100%        5
 Fireball                 Conj/Fire      0%         3d3       100%        5
 Irradiate                Conj/Tmut      0%         3d11      100%        5
 Yara's Violent Unravell  Hex/Tmut       0%         3d3       100%        5
 Simulacrum               Ice/Necr       0%         N/A       100%        6
 Dragon's Call            Summ           0%         N/A       100%        9


Dungeon Overview and Level Annotations

Branches:
Dungeon (11/15)            Temple (1/1) D:5            Lair (0/5) D:8
    Orc (0/2) D:9

Altars:
Ashenzari
Cheibriados
Dithmenos
Fedhas
Gozag
Hepliaklqana
Kikubaaqudgha
Makhleb
Nemelex Xobeh
Okawaru
Qazlal
Ru
Sif Muna
Trog
Uskayaw
Vehumet
Wu Jian
Xom
Yredelemnul

Shops:
D:4 (   D:6 ?


Innate Abilities, Weirdness & Mutations

You have hooves in place of feet.
You are mostly covered in icy blue scales. (AC +3)
A meltable icy envelope protects you from harm. (AC +0)
A meltable shield of frost defends you. (SH +0)
You are occasionally teleported next to monsters.


Message History

The vampire mosquito bites you but does no damage.
The vampire mosquito barely misses you.
The vampire mosquito bites you but does no damage.
The vampire mosquito completely misses you.
The vampire mosquito bites you but does no damage.
The red ugly thing pecks you!
You are engulfed in flames!
You resist.
* * * LOW HITPOINT WARNING * * *
The vampire mosquito bites you but does no damage. x2
The vampire mosquito bites you!
* * * LOW HITPOINT WARNING * * *
The vampire mosquito draws strength from your injuries!
A red film seems to cover your vision as you go berserk!
You feel yourself moving faster!
You feel mighty!
The vampire mosquito bites you but does no damage. x3
The red ugly thing misses you.
The vampire mosquito closely misses you.
The vampire mosquito bites you.
* * * LOW HITPOINT WARNING * * *
The vampire mosquito draws strength from your injuries!
You closely miss the red ugly thing.
The red ugly thing is moderately wounded.
You slash the vampire mosquito!
You destroy the vampire mosquito!
You barely miss the vampire mosquito. You slice the vampire mosquito!!
You destroy the vampire mosquito!
The vampire mosquito barely misses you.
The vampire mosquito completely misses you.
The red ugly thing pecks you but does no damage.
The vampire mosquito bites you but does no damage.
You slice the red ugly thing!! You kick the red ugly thing!
The red ugly thing is almost dead.
You barely miss the vampire mosquito. You slash the vampire mosquito!
The vampire mosquito barely misses you.
The vampire mosquito bites you but does no damage.
The red ugly thing pecks you!
* * * LOW HITPOINT WARNING * * *
You are engulfed in flames.
You resist.
* * * LOW HITPOINT WARNING * * *
The vampire mosquito barely misses you. The vampire mosquito bites you!
You die...

................#
...............##
(.............##
.............##
..(.........##
...........##
..........##
......y..##
......u@##
......y## ......#
.....# ....# ...#
..# .#


You could see a red ugly thing and 2 vampire mosquitoes.

Vanquished Creatures
  A boulder beetle (D:9)
  3 two-headed ogres
  A cyclops (D:8)
  An ugly thing (D:11)
  A manticore (D:8)
  Joseph (D:8)
  A gargoyle (D:10)
  2 unseen horrors (D:10)
  A hornet (D:7)
  2 trolls
  A wraith (D:6)
  Eustachio (D:4)
  6 yaks
  A vampire (D:10)
  A wyvern (D:8)
  4 vampire mosquitoes
  A basilisk (shapeshifter) (D:8)
  4 water moccasins
  2 acid dragons
  9 orc warriors
  2 ice beasts
  3 black bears
  A sky beast (D:7)
  An ogre (D:5)
  6 centaurs
  2 phantoms (D:5)
  3 kobold brigands
  4 scorpions
  6 bullfrogs
  3 gnoll sergeants (D:9)
  10 wights
  3 killer bees (D:8)
  2 howler monkeys
  A jelly (D:4)
  A gnoll bouda (D:5)
  4 hounds
  8 orc priests
  6 iguanas
  Natasha (thrice) (D:3)
  17 orc wizards
  23 gnolls
  8 adders
  A shadow imp (D:6)
  A white imp (D:6)
  2 ufetubi (D:7)
  6 dart slugs
  42 orcs
  5 ball pythons
  5 bats
  9 endoplasms
  11 giant cockroaches
  10 goblins
  12 hobgoblins
  A jackal (D:1)
  3 quokkas
  A frilled lizard (D:3)
  23 kobolds
  6 rats
299 creatures vanquished.

Vanquished Creatures (others)
  A human (D:8)
  An orc wizard (D:8)
2 creatures vanquished.

Grand Total: 301 creatures vanquished

Notes
Turn   | Place    | Note
-------+----------+-------------------------------------------
     0 | D:1      | IdlyInterested the Demonspawn Gladiator began the quest for
                  | the Orb.
     0 | D:1      | Reached XP level 1. HP: 16/16 MP: 1/1
    66 | D:1      | Found a faded altar of an unknown god.
   103 | D:1      | Reached skill level 1 in Evocations
   118 | D:1      | Gained mutation: You have large cloven feet. [demonic
                  | ancestry]
   118 | D:1      | Reached XP level 2. HP: 23/23 MP: 2/2
   478 | D:1      | Reached skill level 1 in Armour
   502 | D:1      | Reached skill level 3 in Fighting
   502 | D:1      | Gained mutation: A meltable shield of frost defends you.
                  | (SH +0) [demonic ancestry]
   502 | D:1      | Reached XP level 3. HP: 29/29 MP: 3/3
  1223 | D:2      | Found a shimmering altar of Xom.
  1283 | D:3      | Gained mutation: You are partially covered in icy blue
                  | scales. (AC +2) [demonic ancestry]
  1283 | D:3      | Reached XP level 4. HP: 35/35 MP: 4/4
  1364 | D:3      | Reached skill level 4 in Fighting
  1504 | D:3      | Gained mutation: You have hoof-like feet. [demonic
                  | ancestry]
  1504 | D:3      | Reached XP level 5. HP: 37/42 MP: 5/5
  1550 | D:3      | Noticed Natasha
  1553 | D:3      | Killed Natasha
  1603 | D:3      | Noticed Natasha
  1619 | D:3      | Killed Natasha
  2052 | D:3      | Noticed Natasha
  2060 | D:3      | Killed Natasha
  2301 | D:4      | Gained mutation: You have hooves in place of feet. [demonic
                  | ancestry]
  2301 | D:4      | Reached XP level 6. HP: 42/50 MP: 6/6
  2403 | D:4      | Reached skill level 5 in Fighting
  2580 | D:4      | Noticed Eustachio
  2612 | D:4      | Killed Eustachio
  2613 | D:4      | Reached skill level 6 in Fighting
  2773 | D:4      | Reached XP level 7. HP: 54/58 MP: 7/7
  3286 | D:4      | Found Neruam's Antique Weapon Shop.
  3518 | D:5      | Entered Level 5 of the Dungeon
  3589 | D:5      | Found an opulent altar of Gozag.
  3644 | D:5      | Reached skill level 7 in Fighting
  3685 | D:5      | Found a staircase to the Ecumenical Temple.
  3691 | Temple   | Entered the Ecumenical Temple
  3792 | D:5      | Reached XP level 8. HP: 56/67 MP: 8/8
  3970 | D:5      | Reached skill level 8 in Fighting
  4466 | D:6      | Found a blossoming altar of Fedhas.
  4510 | D:6      | Found a sparkling altar of Nemelex Xobeh.
  4668 | D:6      | Reached skill level 9 in Fighting
  5130 | D:6      | Reached XP level 9. HP: 43/75 MP: 9/9
  5251 | D:6      | Found The Oracle's Delphic Readings.
  5584 | D:6      | Bought 2 scrolls of identify for 52 gold pieces
  5586 | D:6      | Bought a scroll of identify for 26 gold pieces
  5587 | D:6      | Bought a scroll of enchant weapon for 97 gold pieces
  5587 | D:6      | Bought a scroll of vulnerability for 52 gold pieces
  5651 | D:7      | Reached skill level 5 in Axes
  5715 | D:7      | Reached skill level 10 in Fighting
  5992 | D:7      | Identified the +1 chain mail of Coiz {Regen+ Str+4}
  6157 | D:7      | Paralysed by a hornet for 1 turns
  6587 | D:7      | Found a burning altar of Makhleb.
  6608 | D:7      | Gained mutation: You are occasionally teleported next to
                  | monsters. [potion of mutation]
  6626 | D:8      | Reached skill level 1 in Shields
  6678 | D:8      | Noticed Joseph
  6697 | D:8      | Killed Joseph
  6773 | D:8      | Found a staircase to the Lair.
  6807 | D:8      | Found an ancient bone altar of Kikubaaqudgha.
  6841 | D:8      | Gained mutation: You are mostly covered in icy blue scales.
                  | (AC +3) [demonic ancestry]
  6841 | D:8      | Reached XP level 10. HP: 65/86 MP: 10/10
  7057 | D:8      | Noticed a cyclops
  7069 | D:8      | Killed a cyclops
  7070 | D:8      | Reached skill level 11 in Fighting
  7278 | D:8      | Noticed a two-headed ogre
  7278 | D:8      | Noticed a manticore
  7293 | D:8      | Killed a two-headed ogre
  7301 | D:8      | Killed a manticore
  7302 | D:8      | Reached skill level 5 in Armour
  7346 | D:8      | Identified the +8 chain mail "Ziun" {Int+3}
  8009 | D:9      | Noticed a two-headed ogre
  8015 | D:9      | Killed a two-headed ogre
  8269 | D:9      | Noticed a boulder beetle
  8285 | D:9      | Gained mutation: A meltable icy envelope protects you from
                  | harm. (AC +0) [demonic ancestry]
  8285 | D:9      | Reached XP level 11. HP: 58/95 MP: 11/11
  8521 | D:9      | Killed a boulder beetle
  8797 | D:9      | Found a staircase to the Orcish Mines.
  8860 | D:9      | Reached skill level 12 in Fighting
  8895 | D:9      | Found a shimmering blue altar of Sif Muna.
  9109 | D:10     | Entered Level 10 of the Dungeon
  9775 | D:10     | Reached skill level 10 in Axes
 10196 | D:11     | Noticed a two-headed ogre
 10205 | D:11     | Killed a two-headed ogre
 10508 | D:11     | Noticed a white ugly thing
 10514 | D:11     | Noticed a red ugly thing
 10521 | D:11     | Killed a red ugly thing
 10528 | D:11     | HP: 2/144 [red ugly thing (6)]
 10528 | D:11     | Mangled by a vampire mosquito

Illustrated notes

Levels and vault maps discovered:
D:1:      dpeg_arrival_tiny_h, layout_loops_ring,
          hellmonk_ecumenical_altar_run_dry, minmay_tromino_i2
D:2:      layout_basic, basic_altar, amethyst_killhole
D:3:      layout_basic, grunt_decor_cap, uniq_natasha
D:4:      layout_rooms, serial_shops, nicolae_take_the_stairs,
          minmay_starry_boxes, uniq_eustachio
D:5:      layout_basic, nicolae_gozag_cash_rules_everything_around_me,
          minmay_temple_entry_nine_rooms
D:6:      layout_cave_pods, mainiacjoe_overflow_large_starburst,
          nicolae_concentric_dashed_squares_wild, nicolae_nh_oracle_at_delphi
D:7:      layout_basic, marbit_many_paths, minmay_stone_trees_medium
D:8:      minmay_chambers_of_sevens, layout_cave_pools, tgw_kikubaaqudgha,
          lair_entry_dummy, uniq_joseph
D:9:      layout_roguey, mainiacjoe_overflow_brackets, david_orc_4
D:10:     layout_cave_pods
D:11:     layout_big_octagon
Temple:   eino_temple_rhombus

Skill      XL: |  1  2  3  4  5  6  7  8  9 10 11 |
---------------+----------------------------------+-----
Evocations     | 1 2 3 |  3.0
Armour         | 1 2 3 4 5 7 |  7.0
Fighting       | 3 4 6 7 9 10 11 12 | 12.4
Throwing       | 2 3 |  3.0
Axes           | 3 4 6 8 10 | 10.5
Dodging        | 3 |  3.0
Shields        | 3 |  3.0

Action                     |  1- 3 |  4- 6 |  7- 9 | 10-12 || total
---------------------------+-------+-------+-------+-------++-------
  Melee: War axe           |    93 |   160 |   277 |    76 ||   606
         Kick              |    16 |    40 |    91 |    80 ||   227
         Punch             |     2 |     4 |     4 |       ||    10
         Battleaxe         |       |       |       |   182 ||   182
  Throw: Dart              |       |     5 |    34 |    35 ||    74
         Javelin           |       |       |       |     1 ||     1
         Stone             |       |       |       |     3 ||     3
    Use: Potion            |     4 |     1 |     3 |     5 ||    13
         Scroll            |     1 |     2 |     6 |     1 ||    10
   Stab: Invisible         |     1 |       |       |       ||     1
         Sleeping          |     1 |       |       |       ||     1
 Armour: Leather armour    |    44 |    15 |       |       ||    59
         Scale mail        |       |   139 |   173 |       ||   312
         Chain mail        |       |       |    89 |   388 ||   477
  Dodge: Dodged            |    83 |   125 |   163 |   152 ||   523
  Block: Other             |     9 |    30 |    49 |    42 ||   130
         Buckler           |       |       |    22 |    31 ||    53

Table legend: (Time is in decaauts)
 A = Elapsed time spent in this place.
 B = Non-inter-level travel time spent in this place.
 C = Inter-level travel time spent in this place.
 D = Time resting spent in this place.
 E = Time spent auto-exploring this place.
 F = Levels seen in this place.
 G = Mean time per level.
                   A        B        C        D        E       F      G
               +--------+--------+--------+--------+--------+-----+--------+
         Total |  10739 |   9802 |    937 |   1600 |   5315 |  12 |  894.9 |
       Dungeon |  10724 |   9789 |    935 |   1600 |   5315 |  11 |  974.9 |
        Temple |     15 |     14 |      1 |      0 |      0 |   1 |   15.0 |
               +--------+--------+--------+--------+--------+-----+--------+

Top non-repeatable levels by time:
     D:9: 1261 daAuts
     D:6: 1257 daAuts
     D:4: 1256 daAuts
    D:10: 1255 daAuts
     D:3: 1119 daAuts
     D:7: 1091 daAuts
     D:5: 1023 daAuts
     D:8: 989 daAuts
     D:1: 797 daAuts
     D:2: 485 daAuts
    D:11: 186 daAuts
  Temple: 15 daAuts
